 Dungeon Crawl Stone Soup version 0.18-a0-1628-g61c6396 (webtiles) character file.

109 dohliylev the Sneak (level 4, -4/34 HPs)
             Began as a Vampire Assassin on Mar 25, 2016.
             Slain by a worm (8 damage)
             ... on level 2 of the Dungeon.
             The game lasted 00:09:15 (1955 turns).

dohliylev the Sneak (Vampire Assassin)              Turns: 1955, Time: 00:09:15

Health: -4/34      AC:  3    Str: 10    XL:     4   Next: 59%
Magic:  4/4        EV: 13    Int: 13    God:
Gold:   100        SH:  0    Dex: 16    Spells: 0 memorised, 3 levels left

rFire  . . .     SeeInvis +     s - +2 dagger (pain)
rCold  . . .     Gourm    .     c - +0 robe
rNeg   + . .     Faith    .     (no shield)
rPois  .         Spirit   .     (no helmet)
rElec  .         Dismiss  .     d - +0 cloak
rCorr  .         Reflect  .     (no gloves)
SustAt .         Harm     .     (no boots)
MR     .....                    (no amulet)
Stlth  ++++......               (no ring)
                                (no ring)

@: not resistant to hostile enchantments, stealthy
A: fangs 3, see invisible, unbreathing
a: Bat Form


You were on level 2 of the Dungeon.
You were not thirsty.

You visited 1 branch of the dungeon, and saw 2 of its levels.

You collected 100 gold pieces.

Inventory:

Hand Weapons
 a - a +2 dagger
 b - a +0 blowgun
 p - a +4 short sword
 s - a +2 dagger of pain (weapon)
Missiles
 e - 8 poisoned needles
 f - 4 curare-tipped needles
 k - 3 tomahawks of returning (quivered)
Armour
 c - a +0 robe (worn)
 d - a +0 cloak (worn)
Wands
 t - a wand of flame (29/48)
Scrolls
 j - 2 scrolls of teleportation {unknown}
 l - a scroll of random uselessness {unknown}
 m - 3 scrolls of remove curse {unknown}
 o - a scroll of magic mapping {unknown}
 u - a scroll of recharging {unknown}
 v - a scroll of identify {unknown}
 w - a scroll of amnesia {unknown}
Potions
 g - 15 potions of blood
 h - a potion of mutation {unknown}
 i - 2 potions of haste {unknown}
 n - a potion of heal wounds {unknown}
 q - 2 potions of lignification {unknown}
 r - a potion of flight {unknown}


   Skills:
 + Level 2.3 Fighting
 + Level 2.5 Short Blades
 + Level 1.6 Throwing
 + Level 2.2 Dodging
 + Level 7.9 Stealth


You had 3 spell levels left.
You didn't know any spells.

Dungeon Overview and Level Annotations

Branches:
Dungeon (2/15)

Altars:
Elyvilon
The Shining One

Annotations:
D:2 Jessica


Innate Abilities, Weirdness & Mutations

You have razor-sharp teeth.
You have supernaturally acute eyesight.
You can survive without breathing.


Message History

* * * LOW HITPOINT WARNING * * *
You hit the worm.
The worm is moderately wounded.
You hit the worm.
The worm is moderately wounded.
The worm bites you!
* * * LOW HITPOINT WARNING * * *
You hit the worm.
The worm is heavily wounded.
You see here a viscous ruby potion.
q - 2 viscous ruby potions (gained 1)
You hit the worm.
The worm is heavily wounded.
The worm closely misses you.
You hit the worm.
The worm is heavily wounded.
You hit the worm.
The worm is severely wounded.
The worm bites you!
You die...

#.# #.# #.# ..#.# #.#
#.# #.# #.# #.#.# #.#
#.####.####.# #.#.#
#.# #...........#
#.#.# #.#
######.###### #.#.#
#.# #... ..# #.###.#.#
#.# #..###%# #.....).#
#.#
#....#w#.#####.#####..
##.#.@.#..............
#.###########.#######
#.# #.# #.# #.# #.#
#.# #.###########.#
#.............#
#############.# ###


You could see a worm.

Vanquished Creatures
  An orc wizard (D:1)
  An adder (D:2)
  2 worms (D:2)
  3 dart slugs
  A giant gecko (D:1)
  4 orcs (D:1)
  3 giant cockroaches
  5 goblins (D:1)
  12 hobgoblins
  A quokka (D:2)
  A ball python (D:1)
  3 bats
  5 giant newts
  6 kobolds
  5 rats
53 creatures vanquished.

Notes
Turn   | Place    | Note
--------------------------------------------------------------
     0 | D:1      | dohliylev the Vampire Assassin began the quest for the Orb.
     0 | D:1      | Reached XP level 1. HP: 16/16 MP: 1/1
   148 | D:1      | Reached skill level 6 in Stealth
   179 | D:1      | Reached XP level 2. HP: 17/22 MP: 2/2
   298 | D:1      | Reached skill level 7 in Stealth
   375 | D:1      | Found a glowing golden altar of the Shining One.
   534 | D:1      | Reached XP level 3. HP: 14/27 MP: 3/3
   998 | D:1      | Reached XP level 4. HP: 18/33 MP: 4/4
  1136 | D:2      | Found a white marble altar of Elyvilon.
  1659 | D:2      | Noticed Jessica
  1955 | D:2      | Slain by a worm

Vault maps used:
D:1:      dpeg_cavernosity, nrook_mini_backslash, tso_metal_star
D:2:      overflow_temple_1_default, first_bread, kennysheep_jessica_study

Skill      XL: |  1  2  3  4 |
---------------+-------------+-----
Stealth        | 6 7 |  7.9
Fighting       | 2 |  2.3
Dodging        | 2 |  2.2
Short Blades   | |  2.5
Throwing       | |  1.6

Action                   |  1- 3 |  4- 6 || total
-------------------------+-------+-------++-------
Melee: Dagger            |    74 |    76 ||   150
 Fire: Blowgun           |     3 |       ||     3
 Abil: End Transformatio |       |     1 ||     1
       Bat Form          |       |     1 ||     1
 Stab: Sleeping          |    11 |     6 ||    17
  Eat: Corpse            |     7 |     2 ||     9
